 Dungeon Crawl Stone Soup version 0.27-a0-1200-g94dc6ad4cf (webtiles) character file.

Game seed: 14595462546461954583

19450 kae the Grappler (level 12, -8/127 HPs)
             Began as a Green Draconian Transmuter on June 1, 2021.
             Was a Believer of Ru.
             Mangled by a yak (15 damage)
             ... on level 2 of the Lair of Beasts.
             The game lasted 00:14:19 (21573 turns).

kae the Grappler (Green Draconian Transmuter)      Turns: 21573, Time: 00:14:20

Health: -8/127     AC:  6    Str: 15    XL:     12   Next: 36%
Magic:  24/24      EV: 10    Int: 14    God:    Ru [**....]
Gold:   578        SH:  0    Dex: 14    Spells: 14/27 levels left

rFire    . . .     SeeInvis .     - Unarmed
rCold    + + +     Faith    .   (shield currently unavailable)
rNeg     . . .     Spirit   .   (armour unavailable)
rPois    +         Reflect  .   (helmet currently unavailable)
rElec    .         Harm     .   (cloak currently unavailable)
rCorr    .         Rampage  .   (gloves currently unavailable)
Will     .....                  (boots currently unavailable)
Stlth    +.........             D - amulet of regeneration
HPRegen  1.31/turn              k - ring of protection from cold
MPRegen  0.19/turn              w - ring of protection from fire

@: ice-form
A: freezing attack, amphibious, boosted hp, (breathe noxious fumes), AC +8,
large, unfitting armour, (poison resistance), (cold-blooded), hated by all
a: End Transformation, Renounce Religion


You were on level 2 of the Lair of Beasts.
You worshipped Ru.
Ru was pleased with you.
You were a creature of crystalline ice.
You visited 3 branches of the dungeon, and saw 14 of its levels.
You also visited: Sewer.

You collected 843 gold pieces.
You spent 265 gold pieces at shops.

Inventory:

Missiles
 C - a curare-tipped dart
Armour
 q - the -6 pair of boots of Gudus {Will+ rCorr Int+2}
   (You bought it in a shop on level 6 of the Dungeon)

   It affects your intelligence (+2).
   It protects you from acid and corrosion.
   It increases your willpower.
 G - a +1 pair of gloves (melded)
Jewellery
 d - an amulet of magic regeneration
 k - a ring of protection from cold (left front paw)
 s - an amulet of reflection
 u - an amulet of faith
 w - a ring of protection from fire (right front paw)
 x - a ring of wizardry
 D - an amulet of regeneration (around neck)
Wands
 i - a wand of mindburst (21)
 t - a wand of acid (9)
 y - a wand of paralysis (25)
 z - a wand of flame (28)
 B - a wand of digging (3)
Scrolls
 a - 3 scrolls of teleportation
 c - 4 scrolls of blinking
 g - 3 scrolls of enchant armour
 m - a scroll of fear
 o - 3 scrolls of fog
 r - a scroll of enchant weapon
 E - a scroll of magic mapping
 F - a scroll of holy word
Potions
 b - a potion of brilliance
 e - 5 potions of degeneration
 f - a potion of flight
 h - a potion of berserk rage
 j - 5 potions of curing
 l - 3 potions of haste
 p - a potion of mutation
 v - a potion of cancellation
 A - a potion of attraction


   Skills:
 + Level 9.9 Fighting
 + Level 3.1 Dodging
 * Level 12.6 Unarmed Combat
 - Level 8.0 Spellcasting
 + Level 9.2 Transmutations
 - Level 5.0 Ice Magic
 - Level 3.6 Poison Magic


You had 14 spell levels left.
You knew the following spells:

 Your Spells              Type           Power      Damage    Failure   Level
a - Beastly Appendage     Tmut           62%        N/A       1%          1
b - Spider Form           Tmut/Pois      11%        N/A       2%          3
c - Ice Form              Ice/Tmut       25%        N/A       7%          4
d - Hydra Form            Tmut           15%        N/A       9%          5

Your spell library contained the following spells:

 Spells                   Type           Power      Damage    Failure   Level
 Wereblood                Tmut           31%        N/A       1%          2


Dungeon Overview and Level Annotations

Branches:
Dungeon (11/15)            Temple (1/1) D:5            Lair (2/6) D:9
  Sewer (visited)
  Swamp: Lair:2-4    Shoals: Lair:2-4     Snake: Lair:2-4    Spider: Lair:2-4
    Orc: D:9-12

Altars:
Ashenzari
Cheibriados
Dithmenos
Elyvilon
Fedhas
Gozag
Hepliaklqana
Kikubaaqudgha
Makhleb
Nemelex Xobeh
Okawaru
Qazlal
Ru
Sif Muna
Trog
Uskayaw
Vehumet
Wu Jian
Xom
Yredelemnul
Zin
The Shining One
Beogh

Shops:
D:6 (=[?[

Annotations:
D:7 3 runed translucent doors, Lanoc's ghost, novice DrWn


Innate Abilities, Weirdness & Mutations

You are a creature of crystalline ice.
You have a powerful freezing melee attack.
You are amphibious.
Your maximum health is increased.
Your armour is entirely melded.
You are incapable of wielding weapons or throwing items.
((You can breathe blasts of noxious fumes.))
((Your lurid green scales are hard. (AC +8)))
You cannot fit into any form of body armour.
((Your system is resistant to poisons. (rPois)))
((You are cold-blooded and may be slowed by cold attacks.))
You are hated by all.


Message History

You punch the death yak! You freeze the death yak.
You kill the death yak!
Your Dodging skill increases to level 3!
You barely miss the water moccasin. The water moccasin bites you.
* * * LOW HITPOINT WARNING * * *
You hit the water moccasin. You freeze the water moccasin.
The water moccasin is lightly wounded.
The water moccasin bites you.
* * * LOW HITPOINT WARNING * * *
You hit the water moccasin.
The water moccasin seems to slow down.
You freeze the water moccasin.
The water moccasin is moderately wounded.
The water moccasin bites you.
* * * LOW HITPOINT WARNING * * *
You punch the water moccasin!
The water moccasin seems to slow down.
You freeze the water moccasin.
The water moccasin is severely wounded.
The water moccasin bites you but does no damage.
You punch the water moccasin!
The water moccasin seems to slow down.
You freeze the water moccasin.
You kill the water moccasin!
You see here a yak corpse.
Things that are here:
a blink frog corpse; a blink frog corpse; a blink frog corpse You hit the yak but do no damage.
The yak gores you!
* * * LOW HITPOINT WARNING * * *
You barely miss the yak. You punch the yak! You freeze the yak.
The yak is heavily wounded.
The yak gores you!
* * * LOW HITPOINT WARNING * * *
You pummel the yak!! You freeze the yak!
You kill the yak!
You punch the yak! You freeze the yak.
The yak is moderately wounded.
The yak barely misses you.
You pummel the yak!! You freeze the yak.
The yak is severely wounded.
The yak gores you!
You die...

### ##Y#
##Y## ##.##
##†## ##†##
####### ##†##
..#..P####.##
..........##
....Y.....##


You could see a yak.

Vanquished Creatures
  2 hydras
  Harold (D:7)
  A boulder beetle (D:11)
  A two-headed ogre (D:11)
  3 death yaks (Lair:2)
  Pikel (D:7)
  A black mamba (Lair:1)
  Maurice (D:11)
  3 komodo dragons
  2 trolls
  5 blink frogs (Lair:2)
  2 meliai zombies (D:11)
  A shadow (D:11)
  Sigmund (D:5)
  2 wraiths
  24 yaks
  2 vampires
  3 vampire mosquitoes (D:10)
  Menkaure (D:7)
  5 steam dragons
  7 water moccasins
  An ice beast (D:6)
  A sky beast (D:6)
  5 orc warriors
  A necrophage (D:6)
  5 wolves (Lair:1)
  A phantom (D:5)
  5 centaurs
  11 bullfrogs
  4 lemures (D:7)
  A kobold brigand (D:10)
  3 scorpions
  A wyvern zombie (D:7)
  15 killer bees (D:9)
  2 water moccasin skeletons
  9 wights
  2 howler monkeys
  2 jellies
  A bullfrog zombie (D:6)
  4 centaur zombies
  A hound (D:3)
  2 centaur skeletons
  2 gnoll shamans
  6 orc priests
  A bullfrog skeleton (D:4)
  Terence (D:1)
  2 iguanas
  5 orc wizards
  A howler monkey zombie (D:7)
  12 gnolls
  4 river rats (D:4)
  19 adders
  An adder skeleton (D:4)
  6 worms
  A dart slug (D:3)
  22 orcs
  16 endoplasms
  12 giant cockroaches
  4 goblins
  4 hobgoblins
  5 jackals (D:1)
  12 kobolds
  19 quokkas
  19 ball pythons
  2 bats (D:2)
  12 frilled lizards
  7 rats
341 creatures vanquished.

Vanquished Creatures (others)
  An orc wizard (D:3)
  2 orcs (D:8)
  4 fungi
  9 plants
16 creatures vanquished.

Grand Total: 357 creatures vanquished

Notes
Turn   | Place    | Note
-------+----------+-------------------------------------------
     0 | D:1      | kae the Draconian Transmuter began the quest for the Orb.
     0 | D:1      | Reached XP level 1. HP: 16/16 MP: 3/3
   418 | D:1      | Reached XP level 2. HP: 21/23 MP: 3/5
   580 | D:1      | Found a faded altar of an unknown god.
  1580 | D:2      | Reached XP level 3. HP: 29/29 MP: 4/6
  1669 | D:2      | Learned a level 3 spell: Spider Form
  2568 | D:3      | Noticed Terence
  2644 | D:1      | Killed Terence
  2645 | D:1      | Reached skill level 1 in Poison Magic
  2645 | D:1      | Reached XP level 4. HP: 36/36 MP: 1/7
  2953 | D:3      | Reached skill level 4 in Unarmed Combat
  2957 | D:3      | Reached XP level 5. HP: 38/42 MP: 5/8
  3772 | D:3      | Found a shimmering blue altar of Sif Muna.
  4165 | D:4      | Learned a level 4 spell: Ice Form
  4200 | D:4      | Reached XP level 6. HP: 42/50 MP: 6/10
  4504 | D:4      | Reached skill level 1 in Ice Magic
  4545 | D:4      | Found a glowing drain.
  4653 | Sewer    | Entered a sewer
  5579 | Sewer    | Your scales start taking on a lurid green colour.
  5579 | Sewer    | Reached XP level 7. HP: 51/57 MP: 9/11
  5579 | Sewer    | Gained mutation: Your system is resistant to poisons.
                  | (rPois) [Green Draconian growth]
  5583 | Sewer    | Reached skill level 5 in Unarmed Combat
  6900 | D:5      | Entered Level 5 of the Dungeon
  7121 | D:5      | Found a staircase to the Ecumenical Temple.
  7147 | Temple   | Entered the Ecumenical Temple
  7354 | D:5      | Reached XP level 8. HP: 38/66 MP: 13/13
  7869 | D:5      | Noticed Sigmund
  7877 | D:5      | Killed Sigmund
  7878 | D:5      | Reached skill level 6 in Unarmed Combat
  8274 | D:5      | Found a blossoming altar of Fedhas.
  8446 | D:5      | Learned a level 5 spell: Hydra Form
  8642 | D:6      | Found Vyulauwu's Antique Armour Shop.
  8666 | D:6      | Bought a pair of masterwork boots for 209 gold pieces
  8666 | D:6      | Identified the -6 pair of boots of Gudus {Will+ rCorr
                  | Int+2} (You bought it in a shop on level 6 of the Dungeon)
  9185 | D:6      | Found Askuloav's Magic Scroll Emporium.
  9188 | D:6      | Bought a scroll of identify for 28 gold pieces
  9188 | D:6      | Bought a scroll of identify for 28 gold pieces
  9263 | D:6      | Found Rigaqag's Antique Weapon Shop.
  9298 | D:6      | Found Adopn's Jewellery Shoppe.
  9359 | D:6      | Reached skill level 5 in Fighting
  9359 | D:6      | Reached skill level 7 in Unarmed Combat
  9359 | D:6      | Reached skill level 5 in Ice Magic
  9359 | D:6      | Reached XP level 9. HP: 42/74 MP: 15/15
  9627 | D:6      | Found Nul Iquo's Armour Shop.
  9637 | D:6      | Reached skill level 5 in Transmutations
 10274 | D:7      | Noticed Menkaure
 10284 | D:7      | Killed Menkaure
 10447 | D:7      | Found an iron altar of Okawaru.
 10759 | D:7      | Found a bloodstained altar of Trog.
 10792 | D:7      | Noticed Pikel
 10823 | D:7      | Killed Pikel
 10824 | D:7      | Reached skill level 8 in Unarmed Combat
 10824 | D:7      | Reached skill level 5 in Spellcasting
 11022 | D:7      | Found a runed translucent gate.
 11024 | D:7      | Found a runed translucent gate.
 11024 | D:7      | Found a runed translucent gate.
 11025 | D:7      | Identified the +9 chain mail of Levity {Fly Will+ Int+4
                  | Dex-3}
 11026 | D:7      | Noticed Lanoc's ghost (novice DrWn)
 11348 | D:7      | Noticed Harold
 11355 | D:7      | Paralysed by Harold for 4 turns
 11366 | D:7      | Killed Harold
 11367 | D:7      | Reached XP level 10. HP: 71/84 MP: 15/18
 11495 | D:7      | Found a glowing golden altar of the Shining One.
 11497 | D:7      | Found a glowing silver altar of Zin.
 11932 | D:7      | Reached skill level 9 in Unarmed Combat
 12779 | D:8      | Found an opulent altar of Gozag.
 13556 | D:8      | Found a sparkling altar of Nemelex Xobeh.
 14788 | D:9      | Reached skill level 10 in Unarmed Combat
 15297 | D:9      | Found a sacrificial altar of Ru.
 15337 | D:9      | Became a worshipper of Ru the Awakened
 15662 | D:9      | Found a staircase to the Lair.
 15681 | D:10     | Entered Level 10 of the Dungeon
 15947 | D:10     | Reached XP level 11. HP: 94/94 MP: 17/21
 16789 | D:10     | Gained mutation: You are hated by all. [Ru sacrifice]
 16789 | D:10     | Reached * piety under Ru
 16789 | D:10     | Reached ** piety under Ru
 17672 | D:11     | Noticed a five-headed hydra
 17680 | D:11     | Noticed Maurice
 17681 | D:11     | Killed a five-headed hydra
 17682 | D:11     | Reached skill level 11 in Unarmed Combat
 18262 | D:11     | Killed Maurice
 18299 | D:11     | Noticed a two-headed ogre
 18313 | D:11     | Killed a two-headed ogre
 18688 | D:11     | Noticed a boulder beetle
 18711 | D:11     | Killed a boulder beetle
 19624 | Lair:1   | Entered Level 1 of the Lair of Beasts
 19910 | Lair:1   | Noticed a four-headed hydra
 19929 | Lair:1   | Killed a four-headed hydra
 19930 | Lair:1   | Reached skill level 12 in Unarmed Combat
 19930 | Lair:1   | Reached XP level 12. HP: 68/104 MP: 20/24
 21012 | Lair:1   | Identified a scroll of acquirement
 21012 | Lair:1   | Acquired an amulet of regeneration
 21069 | Lair:2   | Noticed a death yak
 21069 | Lair:2   | Noticed a death yak
 21070 | Lair:2   | Noticed a death yak
 21424 | Lair:2   | Noticed a boulder beetle
 21541 | Lair:2   | Killed a death yak
 21549 | Lair:2   | Killed a death yak
 21558 | Lair:2   | Killed a death yak
 21570 | Lair:2   | HP: 5/127 [yak (14)]
 21573 | Lair:2   | Mangled by a yak

Illustrated notes

Levels and vault maps discovered:
D:1:      dpeg_arrival_castle, layout_basic, basic_ecumenical_altar
D:2:      layout_loops_ring, kennysheep_boxes
D:3:      layout_loops_ring, kennysheep_orc_sif_temple, uniq_terence
D:4:      layout_basic, lightli_sewer_entry_pipes, minivault_26,
          minmay_misc_feat_plants
D:5:      layout_basic, fedhas_altar_fruit_tree,
          minmay_temple_entry_glassed_door, uniq_sigmund
D:6:      minmay_angry_zag, layout_loops_corners, serial_shops, shop, shop,
          kennysheep_mini_moat, shop, shop_fountains
D:7:      layout_cave_pods, overflow_temple_1_default, amcnicky_altar_gilded,
          minitemple, biasface_ghost_orc_armoury, serial_bayou_pond_e,
          minmay_holes, uniq_harold, uniq_menkaure, uniq_pikel
D:8:      layout_gridville, nicolae_gozag_seed_capital, kennysheep_mini
D:9:      layout_basic, nicolae_ru_awakened_eye, lair_entry_dummy
D:10:     layout_layer_cave, serial_bayou_pond_a
D:11:     layout_cave_pods, serial_column_ruins, column_ruins_hut,
          column_ruins_circle_small, column_ruins_open_tiny,
          column_ruins_grid_1, column_ruins_corridor_straight,
          column_ruins_open_small, column_ruins_open_tiny, uniq_maurice
Temple:   dshaligram_water_room_temple
Lair:1:   layout_small_grid, chequers_serial_rivers_small_a,
          cheibrodos_lair_reptile_den, serial_bayou_shore_b
Lair:2:   layout_chaotic_city, minmay_shoals_entry_hut

Skill      XL: |  1  2  3  4  5  6  7  8  9 10 11 12 |
---------------+-------------------------------------+-----
Fighting       | 2 3 5 6 7 9 |  9.9
Poison Magic   | 1 2 3 |  3.6
Unarmed Combat | 4 5 7 8 10 12 | 12.6
Transmutations | 3 4 6 7 8 9 |  9.2
Spellcasting   | 3 4 5 6 8 |  8.0
Ice Magic      | 1 3 5 |  5.0
Dodging        | 3 |  3.1

Action                   |  1- 3 |  4- 6 |  7- 9 | 10-12 || total
-------------------------+-------+-------+-------+-------++-------
Melee: Unarmed           |   115 |   284 |   303 |   451 ||  1153
       Headbutt          |    15 |     4 |       |       ||    19
       Kick              |    12 |    13 |       |       ||    25
       Tailslap          |    11 |    11 |     3 |     7 ||    32
       Punch             |       |       |       |     1 ||     1
 Cast: Beastly Appendage |    29 |    10 |       |       ||    39
       Spider Form       |     1 |    25 |    19 |       ||    45
       Ice Form          |       |       |    13 |    45 ||    58
       Hydra Form        |       |       |       |     3 ||     3
Invok: Sacrifice Love    |       |       |       |     1 ||     1
       Reject Sacrifices |       |       |       |     1 ||     1
 Abil: Breathe Noxious F |       |       |     4 |     7 ||    11
       End Transformatio |       |       |       |     1 ||     1
Evoke: Wand              |       |       |       |     3 ||     3
  Use: Scroll            |     4 |     7 |     6 |     7 ||    24
       Potion            |       |     1 |     1 |     1 ||     3
 Stab: Sleeping          |       |     1 |     2 |       ||     3
       Confused          |       |       |       |     9 ||     9
Armor: Skin              |    29 |    48 |    61 |   114 ||   252
Dodge: Dodged            |    91 |   255 |   212 |   195 ||   753
Block: Other             |       |       |       |    68 ||    68
       Reflection        |       |       |       |     3 ||     3

Table legend: (Time is in decaauts)
 A = Elapsed time spent in this place.
 B = Non-inter-level travel time spent in this place.
 C = Inter-level travel time spent in this place.
 D = Time resting spent in this place.
 E = Time spent auto-exploring this place.
 F = Levels seen in this place.
 G = Mean time per level.
                   A        B        C        D        E       F      G
               +--------+--------+--------+--------+--------+-----+--------+
         Total |  21540 |  20828 |    712 |   1395 |  16657 |  15 | 1436.0 |
       Dungeon |  18461 |  17988 |    473 |   1260 |  14660 |  11 | 1678.3 |
        Temple |    119 |     99 |     20 |      0 |     98 |   1 |  119.0 |
          Lair |   1915 |   1696 |    219 |     27 |   1372 |   2 |  957.5 |
         Sewer |   1043 |   1043 |      0 |    108 |    527 |   1 | 1043.0 |
               +--------+--------+--------+--------+--------+-----+--------+

Top non-repeatable levels by time:
    D:10: 2445 daAuts
     D:7: 2139 daAuts
     D:6: 1776 daAuts
     D:9: 1632 daAuts
     D:8: 1615 daAuts
     D:1: 1609 daAuts
     D:4: 1601 daAuts
  Lair:1: 1544 daAuts
     D:3: 1489 daAuts
     D:5: 1460 daAuts
    D:11: 1457 daAuts
     D:2: 1235 daAuts
   Sewer: 1043 daAuts
  Lair:2: 371 daAuts
  Temple: 119 daAuts
